 Dungeon Crawl Stone Soup version 0.27-a0-1529-g1e82c303ef (webtiles) character file.

Game seed: 14870996954183867448

795 Leszczynek the Skirmisher (level 8, -3/85 HPs)
             Began as a Human Gladiator on July 12, 2021.
             Was a Follower of Cheibriados.
             Slain by a steam dragon (7 damage)
             ... on level 6 of the Dungeon.
             The game lasted 00:22:26 (2332 turns).

Leszczynek the Skirmisher (Human Gladiator)         Turns: 2332, Time: 00:22:27

Health: -3/85      AC: 24    Str: 19    XL:     8   Next: 13%
Magic:  8/8        EV:  2    Int: 14    God:    Cheibriados [*.....]
Gold:   198        SH:  0    Dex: 18    Spells: 7/7 levels left

rFire    + . .     SeeInvis .   a - +2 dagger (venom)
rCold    + . .     Faith    .   (no shield)
rNeg     + + +     Spirit   .   (armour currently unavailable)
rPois    +         Reflect  .   (helmet currently unavailable)
rElec    +         Harm     .   (cloak currently unavailable)
rCorr    +         Rampage  .   (gloves currently unavailable)
Will     .....     NoTele   +   (boots currently unavailable)
Stlth    ++........             (no amulet)
HPRegen  0.24/turn              r - ring of positive energy
MPRegen  0.11/turn              (no ring)

@: brilliant, tree-form, resistant, attractive, very slow
A: stationary, stasis, torment immunity, boosted hp, clever 1, (deformed body),
frail 1, mutation resistance 1
a: Renounce Religion, Bend Time


You were on level 6 of the Dungeon.
You worshipped Cheibriados.
Cheibriados was aware of your devotion.
You were a tree.
You visited 2 branches of the dungeon, and saw 7 of its levels.

You collected 198 gold pieces.

Inventory:

Hand Weapons
 a - a +2 dagger of venom (weapon)
 b - a +0 hunting sling
 c - a +2 whip of freezing
 B - a +3 spear
 F - a +1 flail of holy wrath
Missiles
 n - a throwing net
 v - 59 sling bullets
 x - 20 poisoned darts (quivered)
Armour
 j - a +0 ring mail (melded)
 k - a +0 helmet (melded)
 m - a +0 pair of boots (melded)
 o - a scarf of repulsion (melded)
 q - a +0 pair of gloves (melded)
 t - a +0 plate armour
 D - a +0 cloak
Jewellery
 p - an amulet of faith
 r - a ring of positive energy (left branch)
Scrolls
 f - a scroll of immolation {!r}
 i - a scroll of enchant weapon {unknown}
 u - 3 scrolls of teleportation
 y - 2 scrolls of fog
 C - 2 scrolls of amnesia
 E - a scroll of vulnerability {unknown}


   Skills:
 + Level 6.3 Fighting
 - Level 2.0 Throwing
 + Level 4.3 Dodging
 * Level 5.9 Unarmed Combat


You had 7 spell levels left.
You didn't know any spells.
Your spell library was empty.

Dungeon Overview and Level Annotations

Branches:
Dungeon (6/15)             Temple (1/1) D:5

Altars:
Ashenzari
Cheibriados
Dithmenos
Hepliaklqana
Kikubaaqudgha
Qazlal
Trog
Uskayaw
Zin

Annotations:
D:4 3 runed translucent doors, Decipherer's ghost, amateur TrMo


Innate Abilities, Weirdness & Mutations

You are a tree.
Your roots penetrate the ground, keeping you stationary.
You cannot be teleported.
You are immune to unholy pain and torment.
Your maximum health is greatly increased.
Your equipment is partially melded.
Your mind is acute. (Int +2)
((Armour fits poorly on your strangely shaped body.))
You are frail. (-10% HP)
You are somewhat resistant to further mutation.


Message History

The ball of steam hits you. You resist.
Unknown command.
You aren't carrying any items that you can evoke without wielding.
Okay, then.
You fail to use your ability.
The steam dragon bites you.
* * * LOW HITPOINT WARNING * * *
The steam dragon claws you.
* * * LOW HITPOINT WARNING * * *
Unknown command.
Okay, then.
Enter note: the famous 1.3% chance Unknown command.
It was a potion of attraction.
You feel attractive to monsters. The steam dragon bites you!
* * * LOW HITPOINT WARNING * * *
The steam dragon barely misses you.
Unknown command.
Unknown command.
It was a potion of brilliance.
You feel clever all of a sudden. The steam dragon closely misses you.
The steam dragon claws you but does no damage.
It was a potion of magic.
Magic courses through your body. The steam dragon closely misses you.
The steam dragon barely misses you.
It was a potion of lignification.
You turn into a tree.
Your scarf of repulsion melds into your body.
Your +0 helmet melds into your body.
Your +0 pair of gloves melds into your body.
Your +0 pair of boots melds into your body.
Your +0 ring mail melds into your body.
The haze of the repulsion field disappears.
Your roots penetrate the ground.
The steam dragon breathes steam at you. The ball of steam misses you.
Enter note: all these potions and no HW
As you read the scroll labelled GUCWYSYSEX, it crumbles to dust.
You cannot blink because you are held in place by your roots.
It was a scroll of blinking.
The steam dragon bites you!
You die...

#.# .......# #W#
..$....### #<# ........#
#.# #.......# #.#
#).$....# #.# #.......#
#.#.# #)D.....# #.#.#
#.♣.....# #.#.#
...##.§.....# #.#.#
.....§§§##### #.#
#..######.###### #.#
#................ #.# ##
#..####.###########.####.
####.......†..........
#......)########.#####
#..........# #.# #


You could see a steam dragon (catching breath).

Vanquished Creatures
  2 sky beasts (D:6)
  2 ogres
  A phantom (D:6)
  2 scorpions
  A centaur zombie (D:5)
  A jelly (D:5)
  Robin (D:2)
  3 gnolls (D:5)
  A howler monkey zombie (D:5)
  2 adders
  A white imp (D:5)
  An adder skeleton (D:3)
  2 worms
  A dart slug (D:3)
  6 bats
  7 endoplasms
  4 giant cockroaches
  19 goblins
  7 hobgoblins
  15 jackals
  3 quokkas
  5 ball pythons
  A frilled lizard (D:1)
  5 kobolds
  4 rats
97 creatures vanquished.

Notes
Turn   | Place    | Note
-------+----------+-------------------------------------------
     0 | D:1      | Leszczynek the Human Gladiator began the quest for the Orb.
     0 | D:1      | Reached XP level 1. HP: 16/16 MP: 1/1
    61 | D:1      | Reached XP level 2. HP: 17/23 MP: 2/2
   153 | D:2      | Reached skill level 3 in Fighting
   203 | D:1      | Reached XP level 3. HP: 21/29 MP: 3/3
   417 | D:2      | Reached skill level 4 in Fighting
   417 | D:2      | Reached XP level 4. HP: 21/37 MP: 4/4
   424 | D:2      | Noticed Robin
   425 | D:2      | oof
   852 | D:5      | Entered Level 5 of the Dungeon
   852 | D:5      | Noticed an ogre
   880 | D:4      | Killed an ogre
   881 | D:4      | Reached skill level 5 in Fighting
   881 | D:4      | Reached XP level 5. HP: 22/44 MP: 5/5
  1111 | D:4      | Reached skill level 6 in Fighting
  1111 | D:4      | Reached XP level 6. HP: 50/52 MP: 6/6
  1243 | D:4      | Found a runed translucent gate.
  1243 | D:4      | Found a runed translucent gate.
  1244 | D:4      | Found a runed translucent gate.
  1248 | D:4      | Noticed Decipherer's ghost (amateur TrMo)
  1266 | D:5      | Found a hazy altar of Hepliaklqana.
  1315 | D:5      | Noticed an ogre
  1330 | D:5      | Killed an ogre
  1397 | D:5      | Found a staircase to the Ecumenical Temple.
  1409 | Temple   | Entered the Ecumenical Temple
  1434 | Temple   | Became a worshipper of Cheibriados the Contemplative
  1569 | D:5      | Reached skill level 4 in Unarmed Combat
  1569 | D:5      | Reached XP level 7. HP: 31/58 MP: 7/7
  1916 | D:1      | Found a faded altar of an unknown god.
  1998 | D:2      | Killed Robin
  2000 | D:2      | Reached * piety under Cheibriados
  2272 | D:6      | Reached skill level 5 in Unarmed Combat
  2280 | D:6      | Reached skill level 4 in Dodging
  2299 | D:6      | Reached XP level 8. HP: 45/64 MP: 8/8
  2326 | D:6      | Gained mutation: You are frail. (-10% HP) [potion of
                  | mutation]
  2326 | D:6      | Gained mutation: Your mind is acute. (Int +2) [potion of
                  | mutation]
  2326 | D:6      | Gained mutation: Armour fits poorly on your strangely
                  | shaped body. [potion of mutation]
  2326 | D:6      | Gained mutation: You are somewhat resistant to further
                  | mutation. [potion of mutation]
  2328 | D:6      | the famous 1.3% chance
  2328 | D:6      | HP: 2/57 [steam dragon (10)]
  2332 | D:6      | all these potions and no HW
  2332 | D:6      | Slain by a steam dragon

Illustrated notes

...####......
##........# .# #
.......÷..## #.# #
#####...#..## .. #
###..<).#### .# ###
#...#)#....##.# #..
#.##..........#
..####..
.........###..#####.#
#.......
....#.......###@......#
#.<
....######....g........
#.. ... [..............
#.. ####...........
...... #g..........
(..... #..gg.......
..#.... .gg.g....... .
###.. ##.[......... #..
...


Turn 425 on D:2: oof #.# .......# #W# ..$....### #<# ........# #.# #.§§§...# #.#
#)§$....# #.# #.......# #.#.# #)D.....# #.#.# #.@.....# #.#.# ...##.......#
#.#.# ......§.##### #.# #..######.###### #.# #................ #.# ##
#..####.###########.####. ####.......†.......... #......)########.#####
#..........# #.# # Turn 2328 on D:6: the famous 1.3% chance #.# .......# #W#
..$....### #<# ........# #.# #.......# #.# #).$....# #.# #.......# #.#.#
#)D.....# #.#.# #.♣.....# #.#.# ...##.§.....# #.#.# .....§§§##### #.#
#..######.###### #.# #................ #.# ## #..####.###########.####.
####.......†.......... #......)########.##### #..........# #.# # Turn 2332 on
D:6: all these potions and no HW

Levels and vault maps discovered:
D:1:      minmay_arrival_diagonal_passages, layout_basic,
          ebering_ecumenical_altar_sacrificial
D:2:      layout_rooms, basic_altar, minmay_tetromino_o4, uniq_robin
D:3:      wander_river, layout_rooms
D:4:      layout_basic, gammafunk_ghost_necromancy, kennysheep_generic_room_14
D:5:      layout_gridville, nicolae_overflow_crystal_walls, temple_green,
          uniq_crazy_yiuf_cottage
D:6:      layout_basic, portal_sewer_entry_e, grunt_ministairs_13
Temple:   regret_index_temple_chain_breaker

Skill      XL: |  1  2  3  4  5  6  7 |
---------------+----------------------+-----
Fighting       | 3 4 5 6 |  6.3
Unarmed Combat | 4 5 |  5.9
Dodging        | 4 |  4.3
Throwing       | |  2.0

Action                   |  1- 3 |  4- 6 |  7- 9 || total
-------------------------+-------+-------+-------++-------
Melee: Unarmed           |    39 |       |       ||    39
       Dagger            |    51 |    83 |    95 ||   229
       Punch             |     3 |       |     2 ||     5
       Spear             |       |    14 |    10 ||    24
       Whip              |       |     6 |       ||     6
       Flail             |       |       |     2 ||     2
 Fire: Hunting sling     |       |     2 |     7 ||     9
Throw: Throwing net      |     2 |       |       ||     2
       Dart              |       |     3 |     5 ||     8
  Use: Scroll            |       |       |     5 ||     5
       Potion            |       |       |     8 ||     8
 Stab: Held in net/web   |     3 |       |       ||     3
Armor: Leather armour    |    13 |       |       ||    13
       Ring mail         |     4 |    49 |    67 ||   120
Dodge: Dodged            |    39 |    53 |    76 ||   168

Table legend: (Time is in decaauts)
 A = Elapsed time spent in this place.
 B = Non-inter-level travel time spent in this place.
 C = Inter-level travel time spent in this place.
 D = Time resting spent in this place.
 E = Time spent auto-exploring this place.
 F = Levels seen in this place.
 G = Mean time per level.
                   A        B        C        D        E       F      G
               +--------+--------+--------+--------+--------+-----+--------+
         Total |   2553 |   2343 |    210 |      0 |      0 |   7 |  364.7 |
       Dungeon |   2502 |   2292 |    210 |      0 |      0 |   6 |  417.0 |
        Temple |     50 |     50 |      0 |      0 |      0 |   1 |   50.0 |
               +--------+--------+--------+--------+--------+-----+--------+

Top non-repeatable levels by time:
     D:2: 632 daAuts
     D:1: 487 daAuts
     D:5: 455 daAuts
     D:4: 455 daAuts
     D:3: 348 daAuts
     D:6: 123 daAuts
  Temple: 50 daAuts
